Map: Apotheosis LE

Players

Fropez - Winner!

  • Race: Protoss Protoss
  • League: Gold
  • Spawn Location: 5:00

Reaction

  • Race: Zerg Zerg
  • League: Gold
  • Spawn Location: 11:00

VOD

Have the link to the VOD?

Description

Time

  • Played on: Oct. 13, 2016, 6:46 p.m.
  • Length: 8:22
Show
View Real Time Build Order
Export as new Build Order

Fropez Protoss - Winner!

Build Orders:  

Get SALT Encoding   

  12  0:01  Probe (Chrono Boost)  
  13  0:11  Probe (Chrono Boost)  
  14  0:20  Pylon  
  14  0:22  Probe (Chrono Boost)  
  15  0:39  Probe (Chrono Boost), Gateway  
  16  0:45  Assimilator  
  16  0:49  Probe (Chrono Boost)  
  17  1:00  Probe (Chrono Boost)  
  18  1:10  Probe (Chrono Boost)  
  19  1:15  Pylon  
  19  1:21  Probe (Chrono Boost)  
  20  1:30  Cybernetics Core  
  20  1:31  Probe (Chrono Boost)  
  21  1:42  Probe (Chrono Boost)  
  22  1:54  Nexus  
  22  1:59  Probe (Chrono Boost)  
  23  2:16  Gateway  
  23  2:20  Gateway  
  23  2:22  Pylon  
  23  2:27  Mothership Core (Chrono Boost)  
  25  2:30  Warp Gate  
  25  2:35  Adept  
  26  2:45  Probe (Chrono Boost)  
  27  2:56  Probe (Chrono Boost)  
  28  2:58  Pylon  
  28  3:03  Adept  
  28  3:04  Adept  
  32  3:07  Assimilator  
  32  3:12  Probe (Chrono Boost)  
  33  3:15  Probe (Chrono Boost)  
  34  3:34  Probe (Chrono Boost)  
  34  3:35  Twilight Council  
  34  3:38  Probe (Chrono Boost)  
  34  3:40  Adept  
  38  3:47  Assimilator  
  38  3:48  Probe (Chrono Boost)  
  39  3:51  Pylon  
  39  4:07  Adept  
  39  4:08  Adept x2  
  45  4:11  Resonating Glaives (Chrono Boost)  
  45  4:15  Probe (Chrono Boost)  
  45  4:16  Probe (Chrono Boost)  
  47  4:26  Probe (Chrono Boost)  
  48  4:54  Dark Shrine  
  48  4:55  Pylon  
  48  5:01  Pylon, Probe  
  48  5:02  Probe  
  48  5:06  Robotics Facility  
  50  5:08  Pylon, Assimilator  
  50  5:09  Adept x2  
  50  5:10  Adept  
  56  5:34  Adept x2  
  56  5:35  Adept  
  62  5:41  Probe  
  62  5:42  Probe  
  63  5:44  Gateway x2  
  64  6:10  Adept x3  
  64  6:32  Adept  
  64  6:33  Adept x2  
  64  6:36  Warp Prism (Chrono Boost)  
  72  7:02  Nexus  
  66  7:27  Adept x4  
  66  7:28  Adept  
  72  7:40  Gateway  
  72  7:43  Gateway  
  72  7:44  Gateway, Immortal (Chrono Boost)  
  74  7:46  Pylon  
  74  7:50  Dark Templar  
Show
View Real Time Build Order
Export as new Build Order

Reaction Zerg 

Build Orders: Hatch First 

Get SALT Encoding   

  12  0:01  Drone  
  13  0:13  Overlord  
  13  0:17  Drone  
  14  0:31  Drone x2  
  14  0:35  Drone  
  17  1:05  Hatchery  
  17  1:10  Spawning Pool  
  15  1:12  Drone  
  15  1:16  Extractor  
  15  1:18  Drone  
  15  1:22  Drone  
  17  1:34  Overlord  
  17  2:11  Queen  
  17  2:12  Zergling x6  
  22  2:17  Queen  
  24  2:23  Metabolic Boost  
  24  2:42  Drone x3  
  24  2:43  Drone x2  
  29  2:46  Overlord  
  29  2:59  Drone  
  29  3:00  Drone  
  29  3:03  Lair  
  31  3:07  Drone  
  31  3:08  Drone  
  33  3:21  Queen  
  33  3:25  Drone x3  
  38  3:28  Overlord  
  38  3:44  Drone x3  
  38  3:46  Overlord  
  38  3:47  Drone x2  
  43  4:16  Drone x2  
  46  4:17  Drone x4  
  49  4:27  Extractor  
  49  4:30  Extractor  
  47  4:41  Zergling x6  
  47  4:42  Zergling x10  
  55  5:12  Overlord x3  
  55  5:13  Drone x2  
  57  5:33  Drone x3  
  59  5:43  Drone  
  59  5:44  Drone  
  61  5:57  Evolution Chamber  
  61  6:00  Roach Warren  
  61  6:01  Spine Crawler  
  51  6:22  Zergling x12  
  51  6:23  Zergling x14  
  61  6:40  Hatchery  
  60  6:58  Spire, Glial Reconstitution  
  29  7:40  Drone  
  29  7:41  Drone x6  
  29  7:42  Drone x3  
  32  7:59  Drone x5  
  37  8:14  Hatchery  
Tags
 
League
GoldGold
Matchup
PvZ
Replay Pack
All Mines
Spawn Locations
Cross Positions
Add a new tag
Caveats
  • Supply blocks, unpowered buildings, or Contaminate may cause inaccurate times.
  • Supply counts are checked every 10 seconds.